 Dungeon Crawl Stone Soup version 0.17-a0-1575-g9a29ec8 (webtiles) character file.

16 FakerFangirl the Gusty (level 2, 0/11 HPs)
             Began as a Felid Air Elementalist on July 26, 2015.
             Succumbed to an adder's poison
             ... on level 1 of the Dungeon.
             The game lasted 00:10:08 (897 turns).

FakerFangirl the Gusty (Felid Air Elementalist)      Turns: 897, Time: 00:10:08

Health: 0/11       AC:  2    Str:  4    XL:     2   Next: 41%
Magic:  0/6        EV: 18    Int: 16    God:
Gold:   34         SH:  0    Dex: 16    Spells: 2 memorised, 2 levels left
                                        Lives:  0   Deaths: 0

rFire  . . .     SeeInvis +     (weapon unavailable)
rCold  . . .     Clarity  .     (armour unavailable)
rNeg   . . .     SustAt   .     (shield unavailable)
rPois  .         Gourm    .     (helmet unavailable)
rElec  .         Spirit   .     (cloak unavailable)
rCorr  .         Warding  .     (gloves unavailable)
rMut   .         Stasis   .     (boots unavailable)
MR     .....                    (no amulet)
Stlth  +++.......               (no ring)
                                c - +1 ring of protection

@: lethally poisoned (0 -> -5), very slightly contaminated, quick, not resistant
to hostile enchantments, fairly stealthy
A: no armour, no weapons or thrown items, claws 1, fangs 3, see invisible,
carnivore 3, speed 1, shaggy fur 1, slow metabolism 1, sharp paws
a: no special abilities


You were on level 1 of the Dungeon.
You were not hungry.

You visited 1 branch of the dungeon, and saw 1 of its levels.

You collected 34 gold pieces.

Inventory:

Jewellery
 c - a +1 ring of protection (left paw)
Scrolls
 d - a scroll of enchant armour {unknown}
 e - a scroll of identify {unknown}
 g - a scroll of remove curse {unknown}
Books
 a - a book of Air

   Spells                             Type                      Level
   a - Shock                          Conjuration/Air              1
   b - Swiftness                      Charms/Air                   2
   c - Repel Missiles                 Charms/Air                   2
   d - Static Discharge               Conjuration/Air              3
   e - Lightning Bolt                 Conjuration/Air              5
Comestibles
 b - 3 meat rations
 f - 5 fruits


   Skills:
 + Level 2.8 Dodging
 + Level 2.8 Stealth
 + Level 2.2 Spellcasting
 + Level 1.0 Conjurations
 + Level 3.1 Air Magic


You had 2 spell levels left.
You knew the following spells:

 Your Spells              Type           Power        Failure   Level  Hunger
a - Shock                 Conj/Air       #...         10%         1    #......
b - Swiftness             Chrm/Air       #.......     17%         2    ###....


Dungeon Overview and Level Annotations

Branches:
Dungeon (1/15)

Altars:


Innate Abilities, Weirdness & Mutations

You cannot wear armour.
You are incapable of wielding weapons or throwing items.
You have sharp claws.
You have razor-sharp teeth.
You have supernaturally acute eyesight.
You are carnivorous and can eat meat at any time.
You cover ground quickly.
You are covered in fur (AC +1).
You have a slow metabolism.
Your sharp claws are effective at attacking unaware monsters.


Message History

You miscast Shock.
Nothing appears to happen.
The adder bites you but does no damage. x2
You closely miss the adder.
The adder is severely wounded.
* * * LOW HITPOINT WARNING * * *
You feel sick. The adder barely misses you.
You aren't carrying any potions.
You scratch the adder.
The adder begins to bleed from its wounds!
The adder is almost dead.
The adder closely misses you.
You closely miss the adder.
The adder is almost dead.
The adder closely misses you. The adder barely misses you.
You closely miss the adder. Your bite misses the adder.
The adder is almost dead.
The adder completely misses you.
You closely miss the adder.
The adder is almost dead.
You die...

..###.........#........##.####.#.
#.# #........ ... ##.... #.#
#.....#.# ..# #..... #.#
#...##.##.##.# ##..... ..#
#+#.........# ....... ### #..#
#.## .##...# ##.# ##.## #####
######..######S# # #.
#....†.....###@#.# #.
###.###............# #.
.....###...####.#### ## ###.##
##..###.## ### #.#...## #.#####
#.# #.# ##.######


You could see an adder (bleeding).

Vanquished Creatures
  A giant gecko (D:1)
  3 bats (D:1)
  A goblin (D:1)
  A hobgoblin (D:1)
  2 giant cockroaches (D:1)
  A giant newt (D:1)
  5 kobolds (D:1)
  3 rats (D:1)
17 creatures vanquished.

Notes
Turn   | Place    | Note
--------------------------------------------------------------
     0 | D:1      | FakerFangirl the Felid Air Elementalist began the quest for the Orb.
     0 | D:1      | Reached XP level 1. HP: 7/7 MP: 4/4
   320 | D:1      | Reached skill level 1 in Conjurations
   421 | D:1      | Reached skill level 3 in Air Magic
   495 | D:1      | Reached XP level 2. HP: 11/11 MP: 0/6
   513 | D:1      | Learned a level 2 spell: Swiftness
   897 | D:1      | Succumbed to an adder's poison

Vault maps used:
D:1:      tarquinn_simple_flora_water_b, minivault_26,
          hangedman_decor_clover_reticule

Action                   || total
-------------------------++-------
Melee: Unarmed           ||    18
 Cast: Shock             ||    46
